Workbook
Name Highlightrow: "'=1'"

Sheet Programme Summary
B1: Programme Summary
B2: Please read the Full NPP Guidance document before completing the NPP form. Note that the details input on this page will autopopulate fields throughout the document.
A3: Proposed Programme Details
A4: Title
A5: Programme Proposal Type
A6: Award
A7: Faculty
A8: School
A9: Manchester Online Programme
A10: Proposed start date
A11: Mode of study
A12: Mode of delivery
A13: Location of Study (if not Manchester)
A14: Name of Professional/Statutory/Regulatory Body (if applicable)
... A29: Type of Collaborative Partnership

Sheet Approvals
B1: Approval authorisation
A4: Proposed Programme Details
A5: Title | C5: ='Programme Summary'!B4 -> 0
A6: Level | C6: ='Programme Summary'!B5 -> 0
A7: Award | C7: ='Programme Summary'!B6 -> 0
A8: Faculty | C8: ='Programme Summary'!B7 -> 0
A9: School | C9: ='Programme Summary'!B8 -> 0
A10: Proposed start date | C10: ='Programme Summary'!B10 -> 0
A11: Proposer Name | C11: ='Programme Summary'!B18 -> 0
A12: Proposer Job Title | C12: ='Programme Summary'!B19 -> 0
A13: Stage 1 - Approval to Develop
A14: Confirmation of Endorsement to proceed to Stage 2 of the NPP process
C15: Name and Signature | D15: Email | E15: Date
A16: Head of School or Nominee (School Director of Teaching and Learning/School Head of Education) By signing this, I confirm that the proposal has been discussed at a Scoping meeting and, if applicable, the relevant School-level Committee. I also confirm that the School endorses the proposal.
A17: Joint School Approval (if applicable) By signing this, I confirm that the proposal has been discussed at a Scoping meeting and, if applicable, the relevant School-level Committee. I also confirm that the Joint School endorses the proposal.
A18: Manchester Online/TNE Education Academic Lead (if applicable) By signing this, I confirm that appropriate senior academic and PS input has been sought (including Head of Education Development and Head of Digital Learning), that the resource implications of the programme are acceptable and that an appropriate programme management structure and examination board has been agreed.
A20: Stage 2 - Marketing/Publishing Core Information Approval (Reviewing Stage 2 including Resource Requirements)
A21: School and Stakeholder sign-off
C22: Name and Signature | D22: Email | E22: Date
A23: Financial and Tuition Fee Approval (School Accountant) By signing this, I confirm that the fees payable by students for the programme have been agreed.
A24: Financial and Tuition Fee Approval (Head of Faculty Finance) By signing this, I confirm that the fees payable by students for the programme have been agreed.
A25: Head of Teaching Learning and Student Experience Approval (or Nominee) By signing this, I confirm that the input of Professional Services staff to the programme is appropriate, that the resource implications of the programme are acceptable and that an appropriate programme management structure and resources to support the programme have been agreed
A26: Joint School Approval (if applicable) By signing this, I confirm that the academic input of staff to the programme is appropriate, that the resource implications of the programme (Stage 2 Marketing Approval Section 2.4) and financial implications (Stage 2 Marketing Approval Section 2.5) are acceptable and that the appropriate programme management structure and examination board has been agreed.
C28: Name and Signature | D28: Email | E28: Date
A29: Head of School or nominee (School Director of Teaching and Learning/School Head of Education) By signing this, I confirm that the academic input of staff to the programme is appropriate, that the resource implications of the programme (Stage 2 Marketing Approval Section 2.4) and financial implications (Stage 2 Marketing Approval Section 2.5) are acceptable and that the appropriate programme management structure and examination board has been agreed.
A31: Faculty Sign-off
B32: FALSE | C32: Programme Proposal accepted to progress to Stage 3 Full Programme Design
A33: Faculty Decision | B33: FALSE | C33: Proposal referred back to Department/School for amendments (with feedback provided)
B34: FALSE | C34: Proposal rejected (No further action)
A35: Rationale for decision (if applicable):
C36: Name and Signature | D36: Email | E36: Date
A37: Approval given on behalf of the Faculty Programme Committee (Chair or nominee e.g. Vice/Associate Dean)
A40: Manchester Online Approval/TNE Education Academic Lead (if applicable)
C41: Name and Signature | D41: Email | E41: Date
A42: Manchester Online/TNE Education Academic Lead (if applicable) By signing this, I confirm that appropriate senior academic and PS input has been sought (including Head of Education Development and Head of Digital Learning), that the resource implications of the programme are acceptable and that an appropriate programme management structure and examination board has been agreed.
A44: Ready to Publish and Recruit
A45: Programmes should only be published once fully approved with School and Faculty signatures for Stage 2. By signing this, I confirm that the programme is ready to be marketed (subject to final academic approval) and arrangements are in place in order to prepare a full marketing plan, including the preparation of additional materials such as brochures and multimedia. | C45: Name and Signature | D45: Email | E45: Date
A46: Faculty Marketing
A47: Admissions Team
A49: Stage 3 - Full Academic Approval
A50: School and Stakeholder Final approval
C51: Name and Signature | D51: Email | E51: Date
A52: Head of Joint School By signing this, I confirm that the programme meets all quality assurance standards, is a sound strategic and market fit for the University of Manchester and is fully compliant with Competition and Markets Authority regulations (including the content of the programme itself and also all information published at the time of providing the approval)
C53: Name and Signature | D53: Email | E53: Date
A54: Head of School or nominee (School Director of Teaching and Learning/School Head of Education) By signing this, I confirm that the academic input of staff to the programme is appropriate, that the resource implications of the programme (Stage 2 Marketing Approval Section 2.4) and financial implications (Stage 2 Marketing Approval Section 2.5) are acceptable and that the appropriate programme management structure and examination board has been agreed.
A56: Faculty Sign-off
B57: FALSE | C57: Approved/Approved with conditions
A58: Decision The decision should take into consideration feedback from both Internal and External advisers | B58: FALSE | C58: Programme referred back for further redevelopment | D58: (Note: CMA implications)
B59: FALSE | C59: Not Approved (please give further details below where appropriate) | D59: (Note: CMA implications)
A60: Rationale for Faculty Decision (if applicable):
C61: Name and Signature | D61: Email | E61: Date
A62: On behalf of the Faculty Programme Committee (Chair or nominee e.g. Associate Dean for Curriculum and Quality)
A64: Manchester Online Approval/TNE Education Academic Lead (if applicable)
C65: Name and Signature | D65: Email | E65: Date
A66: Manchester Online/TNE Education Academic Lead (if applicable) By signing this, I confirm that appropriate senior academic and PS input has been sought (including Head of Education Development and Head of Digital Learning), that the resource implications of the programme are acceptable and that an appropriate programme management structure and examination board has been agreed.

Sheet Stage 1. EoI
C1: Stage 1: Expression of Interest (EoI) - This stage determines whether the proposal should proceed to development. Before filling in this form: Discuss the proposal with Heads of Department (or equivalent) and confirm it is aligned with School strategic priorities. Informal discussions with Faculty to ensure strategic alignment. Form to be completed by: Departments in collaboration with School staff. Approval level: School approval required before progressing to the next stage.
A2: Proposed Programme Summary
B3: Title | C3: ='Programme Summary'!B4 -> 0
B4: Level | C4: ='Programme Summary'!B5 -> 0
B5: Award | C5: ='Programme Summary'!B6 -> 0
B6: Faculty | C6: ='Programme Summary'!B7 -> 0
B7: School | C7: ='Programme Summary'!B8 -> 0
B8: Name of cross-School/Faculty/external delivery partner(s)
B9: Manchester Online Programme | C9: ='Programme Summary'!B9 -> 0
B10: Mode of study | C10: ='Programme Summary'!B11 -> 0
B11: Mode of delivery | C11: ='Programme Summary'!B12 -> 0
B12: Proposed start date | C12: ='Programme Summary'!B10 -> 0
B13: Proposer Name | C13: ='Programme Summary'!B18 -> 0
B14: Proposer Job Title | C14: ='Programme Summary'!B19 -> 0
A16: 1.1 | B16: Proposed Programme Details
A18: 1.1.1 | B18: Standard programme duration (months)
A19: 1.1.2 | B19: Student Intake Points
B20: If other please state
A21: 1.1.3 | B21: Exit award(s)
A22: 1.1.4 | B22: Placement/Work Year of Study and Duration
A23: 1.1.5 | B23: Name of Professional/Statutory/Regulatory Body (if applicable) | C23: ='Programme Summary'!B14 -> 0
A24: 1.1.6 | B24: Summary of Accreditation provided and/or Regulatory requirements | C24: ='Programme Summary'!B15 -> 0
A25: 1.1.7 | B25: Proposed Programme Description (max. 250 words)
A27: 1.2 | B27: Proposal Rationale
A29: 1.2.1 | B29: Summary of Proposal Rationale Please include any relevant research to the proposal including market positioning, potential demand, implications for existing UoM/Faculty/School portfolio
A30: 1.2.2 | B30: Programme Target Audience
A31: 1.2.3 | B31: Details of any additional/specialist resources required to deliver the programme
A32: 1.2.4 | B32: Initial Financial viability Please include minimum viable cohort size

Sheet Stage 2. Marketing Approval
E1: Stage 2: Marketing Approval & Publishing Core Programme Information - This stage confirms whether the core programme information is sufficiently stable, accurate and complete to support marketing/publication. It does not constitute full academic approval of the programme. Before filling in this form: The proposal will have School level approval and the proposer must now formally liaise with Faculty colleagues to seek sign-off. A stakeholder meeting will be held to confirm the programme is viable, and multiple stakeholders across academic and Professional Services teams will input in this process. Form to be completed by: Departments in collaboration with School staff. Approval Level: Faculty sign-off is required to progress to the next stage. Following Faculty sign-off, the programme may be advertised as subject to approval.
A2: Proposed Programme Summary
B3: Title | E3: ='Programme Summary'!B4 -> 0
B4: Level | E4: ='Programme Summary'!B5 -> 0
B5: Award | E5: ='Programme Summary'!B6 -> 0
B6: Standard programme duration (months) | E6: ='Stage 1. EoI'!C18 -> 0
B7: Faculty | E7: ='Programme Summary'!B7 -> 0
B8: School | E8: ='Programme Summary'!B8 -> 0
B9: Name of cross-School/Faculty/external delivery partner(s) | E9: ='Stage 1. EoI'!C8 -> 0
B10: Manchester Online Programme | E10: ='Programme Summary'!B9 -> 0
B11: Proposed start date | E11: ='Programme Summary'!B10 -> 0
B12: Name of Professional/Statutory/Regulatory Body (if applicable) | E12: ='Programme Summary'!B14 -> 0
B13: Summary of Accreditation provided and/or Regulatory requirements | E13: ='Programme Summary'!B15 -> 0
B14: Proposer Name | E14: ='Programme Summary'!B18 -> 0
B15: Proposer Job Title | E15: ='Programme Summary'!B19 -> 0
A17: 2.1 | B17: Entry requirements
A18: 2.1.1 | B18: A-Level (including contextual offer)
A19: 2.1.2 | B19: English language entry requirements
A20: 2.1.3 | B20: UK refugee/care-experienced offer
A21: 2.1.4 | B21: International Baccalaureate
A22: 2.1.5 | B22: Other entry requirements (if applicable)
A23: 2.1.6 | B23: PGT Entry Requirements (if applicable)
A25: 2.2 | B25: Proposed programme information
A26: 2.2.1 | B26: Intended Programme Learning Outcomes (ILOs)
A27: 2.2.2 | B27: Indicative Assessment Type(s) at Programme level (Use broad assessment categories rather than detailed assessment information)
A28: 2.2.3 | B28: Proposed Programme Structure | C28: Year | D28: Total number of course units per year | E28: Summary of Course Content (Include core course unit information including titles, and an indication of optional course units where relevant)
C29: 1
C30: 2
C31: 3
C32: 4
C33: 5
C34: 6
A35: 2.2.4 | B35: Placement/Work Year of Study and Duration | E35: ='Stage 1. EoI'!C22 -> 0
A36: 2.2.5 | B36: HECoS Code(s) and %
A37: 2.2.6 | B37: ATAS Requirements
A39: 2.3 | B39: Programme Specification
A40: 2.3.1 | B40: The full programme specification is completed at Stage 3. | D40: FALSE | E40: I confirm that the Stage 2 programme-specification fields have been populated sufficiently to support marketing/publication.
A41: 2.3.2 | B41: Please provide details of any opposition/disagreement during the New Programme Proposal process | D41: FALSE | E41: I confirm there was no opposition/disagreement during the New Programme Proposal process
D42: FALSE | E42: I confirm there was opposition/disagreement during the New Programme Proposal process Please provide details below, including resolution(s)
B43: Details of opposition/disagreement, including resolution(s)
A45: 2.4 | B45: Resources required (additional to standard) | E45: The Stage 2 stakeholder/resource review is a market-readiness and resource-confirmation checkpoint. It confirms that core programme information is stable enough for publication, material student-facing information has been identified, and relevant academic, Faculty and Professional Services implications have been considered.
D46: Contact | E46: Details of Additional/Non-standard Resources required
A47: 2.4.1 | B47: Timetabling/Space Requirements | D47: Teaching & Learning Delivery Scheduling Projects
A48: 2.4.2 | B48: Library | D48: Academic Engagement Librarian
A49: 2.4.3 | B49: Information Systems (N/A for Manchester Online programmes) | D49: IS Manager
A50: 2.4.4 | B50: Education Development / eLearning (N/A for Manchester Online programmes) | D50: Teaching and Learning Manager (DL) / eLearning Manager
A51: 2.4.5 | B51: Personnel Resources | D51: Head of School (or nominee)
A52: 2.4.6 | B52: Consumables and Equipment | D52: Head of School (or nominee)
A53: 2.4.7 | B53: Student Engagement (UG only) | D53: Student Success and Development Manager
A55: 2.5 | B55: Financial and operational appraisal
A56: 2.5.1 | B56: Full Financial Viability assessment The financial case should be demonstrated for a minimum of a 3 year period or an estimated period before recruitment reaches a steady state. This should include full estimates of costs, revenues and the impact of the proposed programme on the the School.
A57: 2.5.2 | B57: Will there be an application fee OR acceptance deposit?
A58: 2.5.3 | B58: Tuition fee
A59: 2.5.4 | B59: Funding source (Scholarships and Bursaries)
A60: 2.5.5 | B60: Additional costs
A62: 2.6 | B62: Consultation
A63: 2.6.1 | B63: Please provide details of any opposition/disagreement(s) during any staff/student consultation during the programme development | D63: FALSE | E63: I confirm there was no opposition/disagreement(s) during any staff/student consultation
D64: FALSE | E64: I confirm there was opposition/disagreement (which subsequently resolved) during any staff/student consultation (please provide details in 2.6.2)
D65: FALSE | E65: I confirm there was opposition/disagreement (which remains unresolved) during any staff/student consultation (please provide details below in 2.6.2)
A66: 2.6.2 | B66: If applicable please provide details of any opposition/disagreement(s) (including resolutation where appropriate)

Sheet Programme Specification
C1: Programme Specification This form is to be completed by Departments in collaboration with School staff. At Stage 2, only the core programme information required for marketing/publication needs to be sufficiently complete and stable. The full programme specification is completed and approved at Stage 3. Programme teams may complete additional sections earlier if they wish, but this is not required for Stage 2 unless specifically indicated.
A2: Proposed Programme Details
A3: Complete at Stage 2 & Confirm at Stage 3
A4: Title | C4: ='Programme Summary'!B4 -> 0
A5: Level | C5: ='Stage 1. EoI'!C4 -> 0
A6: Award | C6: ='Programme Summary'!B6 -> 0
A7: Exit/Alternative Award (if applicable) | C7: ='Stage 1. EoI'!C21 -> 0
A8: UCAS Code (add following Stage 2 approval, if applicable)
A9: Campus Solutions Programme Code (add following Stage 2 approval)
A10: Campus Solutions Plan Code(s) (add following Stage 2 approval)
A11: Campus Solutions Plan Title (add following Stage 2 approval)
A12: Faculty | C12: =Approvals!C8 -> 0
A13: School | C13: =Approvals!C9 -> 0
A14: Department/Discipline | C14: ='Programme Summary'!B23 -> 0
A15: Manchester Online Programme | C15: ='Programme Summary'!B9 -> 0
A16: Name of cross-School/Faculty/external delivery partner(s) | C16: ='Stage 2. Marketing Approval'!E9 -> 0
A17: Awarding Body/Institution (collaborative partners only) | C17: ='Programme Summary'!B27 -> 0
A18: Teaching Institution (if different to UoM) | C18: ='Programme Summary'!B28 -> 0
A19: Mode of delivery | C19: ='Programme Summary'!B12 -> 0
A20: Mode of study | C20: ='Programme Summary'!B11 -> 0
A21: Standard Duration of Programme (months) | C21: ='Stage 1. EoI'!C18 -> 0
A22: Location of Study | C22: ='Programme Summary'!B12 -> 0
A23: Location of Delivery (if not Manchester) | C23: ='Programme Summary'!B13 -> 0
A24: Name of Professional/Statutory/Regulatory Body | C24: ='Programme Summary'!B14 -> 0
A25: Summary of Accreditation provided and/or Regulatory requirements | C25: ='Programme Summary'!B15 -> 0
A26: Proposed start date | C26: =Approvals!C10 -> 0
A27: Proposer Name | C27: ='Programme Summary'!B18 -> 0
A28: Proposer Job Title | C28: =Approvals!C12 -> 0
A30: Programme Entry Requirements and External Bodies
A31: Complete at Stage 2 & Confirm at Stage 3
A32: A-Level (including contextual offer) | C32: ='Stage 2. Marketing Approval'!E18 -> 0
A33: UK refugee/care-experienced offer | C33: ='Stage 2. Marketing Approval'!E20 -> 0
A34: International Baccalaureate | C34: ='Stage 2. Marketing Approval'!E21 -> 0
A35: Other entry requirements (if applicable) | C35: ='Stage 2. Marketing Approval'!E22 -> 0
A36: English Language requirements | C36: ='Stage 2. Marketing Approval'!E19 -> 0
A37: PGT Entry Requirements (if applicable) | C37: ='Stage 2. Marketing Approval'!E23 -> 0
A38: Name of Professional/Statutory/Regulatory Body (if applicable) | C38: ='Stage 2. Marketing Approval'!E12 -> 0
A39: Summary of Accreditation provided and/or Regulatory requirements | C39: ='Stage 2. Marketing Approval'!E13 -> 0
A41: Programe Description and Learning Outcomes
A42: Complete at Stage 2 & Confirm at Stage 3
A43: Programme Description (maximum 250 words)
A44: Special Features
A45: Programme Aims
A46: Programme-level Learning Outcomes
A47: Summary of Programme Outcomes (by year) | B47: Year 1
B48: Year 2
B49: Year 3
B50: Year 4
B51: Year 5
B52: Year 6
A54: Programme Structure
A55: Complete at Stage 2 & Confirm at Stage 3
A56: Total Number of Credits (per year of study)
A57: Maximum Number of Optional Credits (per year of study)
A58: FHEQ Level(s)
A59: Summary of Teaching and Learning Methods
A60: Summary of Assessment Methods
A61: Summary of Feedback approach
A62: Progression and Assessment Regulations
A63: Placement Learning Tick if applicable and provide details: | B63: FALSE
A64: Field Trips Tick if applicable and provide details: | B64: FALSE
A65: Study Abroad Tick if applicable and provide details: | B65: FALSE
A66: Partner-enabled Learning Tick if applicable and provide details: | B66: FALSE
A68: Support for Student Learning and Development
A69: Complete at Stage 3
A70: Overview of support for students on the Programme
A71: Details of any School-specific support for students
A72: Student Engagement (UG programmes only)
A73: Personalised learning (UG programmes only)
A74: Links to relevant Student Handbook Sections (e.g Disability Support/University-wide support)
A75: Enhancement of Digital Literacy
A76: Learning Resources
A77: Student Voice Route
A78: Graduate attributes and expected outcomes
A80: Exam Board, Governance and Quality Assurance Compliance
... A86: Will the proposed programme comply with the UoM Assessment Framework? Provide details if applicable:
A87: Will the proposed programme comply with the University's degree regulations? Tick if applicable and provide details: | B87: ='Stage 3. Full Academic Approval'!C35 -> FALSE | C87: Yes
B88: ='Stage 3. Full Academic Approval'!C36 -> FALSE | C88: No (please complete a Degree Regulations Variation form)
A89: Confirmation that all relevant PSRB requirements have been addressed and any outstanding conditions identified (if applicable) | B89: ='Stage 3. Full Academic Approval'!C37 -> FALSE
A90: Confirmation that all relevant collaborative partner requirements and approvals have been completed or appropriately evidenced (if applicable) | B90: ='Stage 3. Full Academic Approval'!C38 -> FALSE
A91: Which Examination Board(s) will have responsibility for this Programme?
A92: HEAR Programme statement (UG only)
A94: Fees, Funding and Additional Costs
A95: Complete at Stage 2 & Confirm at Stage 3
A96: Fee Information (per year) | C96: ='Stage 2. Marketing Approval'!E58 -> 0
A97: Additional Costs | C97: ='Stage 2. Marketing Approval'!E60 -> 0
A98: Funding Sources (if applicable) | C98: ='Stage 2. Marketing Approval'!E59 -> 0
A100: Version History
A101: Date approved and exported
A102: For cohort (State cohort year of entry)

Sheet Stage 2. Marketing Web Form
B1: Marketing Webpage Form (only for use following Faculty approval and Stakeholder sign-off) This information is to be completed by Departments in collaboration with School staff, in order to advertise the programme on the University website. Please note all information will be proofed and copy edited before going live on the website to ensure consistency and that it fits within branding guidelines and is appropriate for the target audience.
A2: Course Details
A3: Faculty | B3: ='Programme Summary'!B7 -> 0
A4: School | B4: ='Programme Summary'!B8 -> 0
A5: Manchester Online Programme | B5: ='Programme Summary'!B9 -> 0
A6: UCAS Code
A7: Campus Solutions Programme Code
A8: Campus Solutions Plan Code(s)
A9: Course Title | B9: ='Programme Summary'!B4 -> 0
A10: Qualification Awarded | B10: ='Programme Summary'!B6 -> 0
A11: Course Duration (months) | B11: ='Stage 1. EoI'!C18 -> 0
A12: Course Overview
A13: Subject Area
A14: Related Subjects/Courses
A15: UCAS Search Terms
A17: Contact Details (to be published on the UoM website)
A18: Admissions Contact Email address
A19: Admissions Contact Phone number
A20: Subject/Department website
A22: Entry Requirements
A23: A-Level (including contextual offer) | B23: ='Stage 2. Marketing Approval'!E18 -> 0
A24: UK refugee/care-experienced offer | B24: ='Stage 2. Marketing Approval'!E20 -> 0
A25: International Baccalaureate | B25: ='Stage 2. Marketing Approval'!E21 -> 0
A26: Other entry requirements (if applicable) | B26: ='Stage 2. Marketing Approval'!E22 -> 0
A27: English Language requirements | B27: ='Stage 2. Marketing Approval'!E19 -> 0
A28: PGT Entry Requirements (if applicable) | B28: ='Stage 2. Marketing Approval'!E23 -> 0
A30: Course Details
A31: Course Full Description
A32: Teaching and Learning
A33: Coursework and Assessment
A34: Course content for Year 1 | B34: ='Stage 2. Marketing Approval'!E29 -> 0
A35: Course content for Year 2 | B35: ='Stage 2. Marketing Approval'!E30 -> 0
A36: Course content for Year 3 | B36: ='Stage 2. Marketing Approval'!E31 -> 0
A37: Course content for Year 4 (if applicable) | B37: ='Stage 2. Marketing Approval'!E32 -> 0
A38: Course content for Year 5 (if applicable) | B38: ='Stage 2. Marketing Approval'!E33 -> 0
A39: Course content for Year 6 (if applicable) | B39: ='Stage 2. Marketing Approval'!E34 -> 0
A40: Special Features
A41: Location of Study | B41: ='Programme Specification'!C22 -> 0
A42: Facilities
A43: Career Opportunities
A44: Name of Professional/Statutory/Regulatory Body | B44: ='Programme Summary'!B14 -> 0
A45: Course Collaborations
A46: CPD Opportunities
A48: Fees and Funding
A49: Tuition Fee | B49: ='Stage 2. Marketing Approval'!E58 -> 0
A50: Additional Costs | B50: ='Stage 2. Marketing Approval'!E60 -> 0
A51: Details of Funding sources available (Scholarships and Bursaries) | B51: ='Stage 2. Marketing Approval'!E59 -> 0
A53: Application and Selection
A54: How to Apply
A55: Number of places/applicants
A56: Advice to Applicants
A57: Open Days

Sheet Stage 2. CMA Durable Info
B1: CMA Durable Information (only for use following Faculty approval and Stakeholder sign-off) This information is to be completed by Departments in collaboration with School staff. The information provided below will be included in CMA Durable emails, which are sent to Applicants ahead of the firm/insurance UCAS deadline in early June.
A2: Course Details
A3: Special Features | B3: ='Stage 2. Marketing Web Form'!B40 -> 0
A4: Teaching and Learning | B4: ='Stage 2. Marketing Web Form'!B32 -> 0
A5: Coursework and Assessment | B5: ='Stage 2. Marketing Web Form'!B33 -> 0
A6: Fieldwork and Placement
A7: Course Content Year 1
A8: Course Content Year 2
A9: Course Content Year 3
A10: Course Content Year 4
A11: Course Content Year 5
A12: Course Content Year 6
A13: Additional Expenses | B13: ='Stage 2. Marketing Approval'!E60 -> 0
A14: Accrediting Organisation(s) | B14: ='Programme Summary'!B14 -> 0
A15: Partner-enabled learning

Sheet Stage 3. Full Academic Approval
D1: Stage 3: Full Academic Approval - Where applicable, the programme will have received Stage 2 approval to market/publish core programme information. At Stage 3, the team submits the complete programme specification, final course-unit information, curriculum and assessment mapping, adviser feedback and response, confirmed resource position and student-facing material information for full academic approval. Before filling in this form: The programme will have been advertised as subject to approval, approved as viable by multiple Stakeholders and signed off by Faculty. Input from internal and external advisors will be sought and actioned. Form to be completed by: Departments in collaboration with School staff. Approval Level: School and Faculty approval required for final sign-off.
A2: Proposed Programme Details
B3: Title | D3: =Approvals!C5 -> 0
B4: Level | D4: =Approvals!C6 -> 0
B5: Award | D5: =Approvals!C7 -> 0
B6: Faculty | D6: =Approvals!C8 -> 0
B7: School | D7: =Approvals!C9 -> 0
B8: Name of cross-School/Faculty/external delivery partner(s) | D8: ='Stage 2. Marketing Approval'!E9 -> 0
B9: Manchester Online Programme | D9: ='Programme Summary'!B9 -> 0
B10: Proposed start date | D10: =Approvals!C10 -> 0
B11: UCAS Code | D11: ='Stage 2. Marketing Web Form'!B6 -> 0
B12: Campus Solutions Programme Code | D12: ='Programme Specification'!C9 -> 0
B13: Campus Solutions Plan Code(s) | D13: ='Programme Specification'!C10 -> 0
B14: Proposer Name | D14: ='Programme Summary'!B18 -> 0
B15: Proposer Job Title | D15: =Approvals!C12 -> 0
A16: 3.1 | B16: Full Programme Design
A17: 3.1.1 | B17: Have there been any changes to the proposed programme since publishing subject to approval? | C17: FALSE | D17: Yes
C18: FALSE | D18: No
A19: 3.1.2 | B19: If there have been changes to the proposed programme, please provide a summary. Confirm whether the resources required to deliver the programme are still available.
C20: FALSE | D20: Final Programme Specification form
A21: 3.1.3 | B21: Programme checklist Please confirm that you have included: | C21: FALSE | D21: Course Unit Specification form(s) for existing course units
C22: FALSE | D22: Course Unit Specification form(s) for new course units
C23: FALSE | D23: Course Unit & Curriculum Map
A24: 3.1.4 | B24: Use of existing course units (with permission from owning Schools if applicable) Tick if yes and provide further information | C24: FALSE
A25: 3.1.5 | B25: Confirm that the final programme-level teaching and learning summary has been completed in the Programme Specification and that any material changes since Stage 2 have been documented. | C25: FALSE
A26: 3.1.6 | B26: Placement Learning/Study Abroad/Partner-enabled Learning Tick if yes and provide further information | C26: FALSE
A27: 3.1.7 | B27: Name of Internal Adviser
A28: 3.1.8 | B28: Name of External Adviser
A29: 3.1.9 | B29: Summary of actions taken in response to the Internal and External Advisers
A31: 3.2 | B31: Exam Board, Governance and Quality Assurance
A32: 3.2.1 | B32: How does the programme fit into the School structure and governance?
A33: 3.2.2 | B33: How does the programme fit into the Validated Partner's structure and governance (if applicable)
A34: 3.2.3 | B34: Will the proposed programme comply with the UoM Assessment Framework?
A35: 3.2.4 | B35: Will the proposed programme comply with the University's degree regulations? | C35: FALSE | D35: Yes
C36: FALSE | D36: No (please complete a Degree Regulations Variation form)
A37: 3.2.5 | B37: Confirmation that all relevant PSRB requirements have been addressed and any outstanding conditions identified (if applicable) | C37: FALSE
A38: 3.2.6 | B38: Confirmation that all relevant collaborative partner requirements and approvals have been completed or appropriately evidenced (if applicable) | C38: FALSE
A39: 3.2.7 | B39: Name of Subject and/or Programme External Examiner(s) responsible for this programme
A40: 3.2.8 | B40: Which Examination Board(s) will have responsibility for this Programme?
A41: 3.2.9 | B41: HEAR Programme statement (UG only)

Sheet TEMP
A1: Mandatory course units | D1: Optional course units
A2: Unit code | B2: Title | C2: Credits | D2: Unit code | E2: Title | F2: Credits
A9: Unit code | B9: Title | C9: Credits | D9: Unit code | E9: Title | F9: Credits
A16: Unit code | B16: Title | C16: Credits | D16: Unit code | E16: Title | F16: Credits
A23: Unit code | B23: Title | C23: Credits | D23: Unit code | E23: Title | F23: Credits
A30: Unit code | B30: Title | C30: Credits | D30: Unit code | E30: Title | F30: Credits
A37: Unit code | B37: Title | C37: Credits | D37: Unit code | E37: Title | F37: Credits

Sheet Unit & Curriculum Map
D1: Summary Course Unit Information This form is to be completed by the Programme Team | H1: All CORE course unit assessments must be mapped to Programme Learning Outcomes.
D2: This map shows programme structure and alignment to programme learning outcomes. Detailed course-unit assessment information is provided in the course unit specifications at Stage 3. Once completed, a Macro can be run on this worksheet to create a word document version of the Unit & Curriculum Map. Press Alt+F8 to run the Macro (ensure Macros are enabled and the document is opened in the Excel app).
A3: Course Unit Information
A4: Year of Study | B4: Course Unit Code | C4: Course Unit title | D4: Credit Value | E4: Mandatory/ Optional | F4: Compulsory/ Core | G4: Pre/Co-requisite/Anti-requisite Unit(s) | H4: Existing Unit? | I4: Delivery Method | J4: Permission to use if shared unit? | K4: Programme learning outcome/s assessed (e.g. PLO 3, 6)
A7: 1
A13: 2
A19: 3
A25: 4
A31: 5
A37: 6

Sheet Lists
A1: Education Development supported OBL Programme | F1: Faculty of Biology, Medicine and Health | H1: Alliance Manchester Business School (AMBS) | M1: Undergraduate | O1: Full time | P1: Articulation/Progression | Q1: Face-to-face (UoM)
A2: New Manchester Online Programme | F2: Faculty of Humanities | H2: School of Arts, Languages and Cultures (SALC) | M2: Postgraduate Taught | O2: Part time | P2: Branch Campus | Q2: Face-to-face (Partner site)
A3: New Programme requested by External Body/Partner | F3: Faculty of Science & Engineering | H3: School of Biological Sciences (SBS) | M3: Postgraduate Research with Taught Elements | O3: Full-time & Part-time | P3: Dual Award | Q3: Joint Delivery (UoM & Partner sites)
A4: Online-only Taught Programme with workplace route | H4: School of Engineering (SoE) | P4: Franchise/Sub-contracted | Q4: Blended learning
A5: Part of larger funded Institute or Centre proposal | H5: School of Environment, Education and Development (SEED) | P5: Hybrid | Q5: Online delivery only
A6: Standard UG/PGT Programme | H6: School of Health Sciences (SHS) | P6: Joint Award
A7: Tender for Educational Contract | H7: School of Medical Sciences (SMS) | M7: Undergraduate | P7: Validation
A8: Validated partner programme | H8: School of Natural Sciences (SoNS) | M8: Postgraduate
H9: School of Social Sciences (SoSS) | M9: Postgraduate Research with Taught Elements
A10: September | M10: CPD
A11: January | M11: Other (please add further details in programme description)
A12: Other
P13: 0
A14: Yes | C14: Mandatory | E14: Face-to-Face | G14: Compulsory | P14: 5
A15: No | C15: Optional | E15: Online only | G15: Core | P15: 10
E16: Blended | P16: 15
P17: 20
P18: 30
P19: 40
P20: 60
P21: 120
